cohdb
Replays
Latest Replays
All Replays
Popular Replays
Top Player Replays
Match Explorer
How It Works
Community
CoH3 Stats
Reddit
Sign in to upload your games and track your stats! →
Sign in with Steam
Stg. 44 Stoßtruppen vs commandos
Match 12909555
Overview
Messages
Build Orders
End
Construct Section Command Post
Infantry Section
Infantry Section
Dingo Light Scout Car
Infantry Section
Construct Platoon Command Post
Humber Armored Car
Selects Air and Sea Battlegroup
Selects Commando Section Paradrop
Commando Section Paradrop
Selects Commando LMG Section Paradrop
Construct Field Infirmary
Commando LMG Section Paradrop
Construct Company Command Post
Matilda II Heavy Tank
Grenade Package
Selects Anti-tank Rocket Loiter
6-pounder Anti-tank Gun Team
Royal Engineer Section
Selects Supply Surplus
Selects Centaur Medium Tank
Selects Assault Flares
6-pounder Anti-tank Gun Team
AI Takeover
RoyalHants
Herr Blautier
0
0
Comments
sign in to comment!
No comments posted yet!